 Dungeon Crawl Stone Soup version 0.17-a0-1635-gd4e48f1 (webtiles) character file.

220200 Sixotanaka the Imperceptible (level 18, -4/102 HPs)
             Began as a Spriggan Assassin on Aug 3, 2015.
             Was the Champion of Ashenzari.
             Slain by a hornet (9 damage)
             ... while paralysed by a hornet
             ... on level 2 of the Swamp on Aug 4, 2015.
             The game lasted 04:23:08 (50975 turns).

Sixotanaka the Imperceptible (Spriggan Assassin)   Turns: 50975, Time: 04:23:08

Health: -4/102     AC: 16    Str:  7    XL:     18   Next: 46%
Magic:  25/25      EV:  4    Int: 14    God:    Ashenzari [******]
Gold:   471        SH:  0    Dex: 24    Spells: 6 memorised, 3 levels left

rFire  . . .     SeeInvis +     c - +8 rapier "Lyanioth" {drain, +Blink}
rCold  . . .     Clarity  +     V - +5 robe of Paaf {rN+ Slay+5} (curse)
rNeg   + . .     SustAt   .     (shield restricted)
rPois  .         Gourm    .     Q - +2 hat {SInv} (curse)
rElec  .         Spirit   .     d - +1 cloak (curse)
rCorr  .         Warding  .     (gloves unavailable)
rMut   .         Stasis   .     (boots unavailable)
MR     ++++.                    (no amulet)
Stlth  ++++++++++               y - ring of stealth (curse)
                                p - +5 ring of protection (curse)

@: paralysed, lethally poisoned (-4 -> -58), slowed, repel missiles, very quick,
incredibly resistant to hostile enchantments, uncannily stealthy
A: unfitting armour, see invisible, herbivore 3, speed 3, magic resistance 1,
slow metabolism 2
a: Scrying, Transfer Knowledge, Renounce Religion, Evoke Blink
}: 1/15 runes: serpentine


You were on level 2 of the Swamp.
You worshipped Ashenzari.
Ashenzari was exalted by your worship.
You were full.

You visited 5 branches of the dungeon, and saw 33 of its levels.
You also visited: Labyrinth, Ice Cave and Volcano.

You collected 3251 gold pieces.
You spent 2780 gold pieces at shops.


Innate Abilities, Weirdness & Mutations

You are tiny and cannot use many weapons and most armour.
You have supernaturally acute eyesight.
You are a herbivore.
You cover ground extremely quickly.
You need consume almost no food.
You are resistant to hostile enchantments.


   Skills:
 - Level 14.3 Fighting
 - Level 16.0 Short Blades
 - Level 3.0 Throwing
 + Level 13.2(17.3) Dodging
 - Level 24.7(27) Stealth
 + Level 2.8 Shields
 - Level 3.1 Spellcasting
 - Level 13.6(16.2) Hexes
 - Level 3.5(6.2) Charms
 - Level 6.9(10.0) Air Magic
 - Level 8.0(11.0) Evocations


You had 3 spell levels left.
You knew the following spells:

 Your Spells              Type           Power        Failure   Level  Hunger
b - Blink                 Tloc           N/A          30%         2    ##.....
c - Mephitic Cloud        Conj/Pois/Air  ##......     17%         3    ###....
d - Repel Missiles        Chrm/Air       ###...       1%          2    ##.....
y - Mass Confusion        Hex            #####.....   4%          6    #######
z - Ensorcelled Hibernat  Hex/Ice        ####..       1%          2    ##.....
G - Silence               Hex/Air        #####.....   3%          5    ######.


Dungeon Overview and Level Annotations

Branches:
Dungeon (15/15)            Temple (0/1) D:5            Lair (8/8) D:10
  Swamp (2/4) Lair:4        Snake (4/4) Lair:4        Slime (0/6) Lair:6
    Orc (4/4) D:11            Elf (0/3) Orc:3        Vaults (0/5) D:13
 Depths (0/5) D:15

Altars:
Ashenzari
Cheibriados
Dithmenos
Elyvilon
Fedhas
Gozag
Nemelex Xobeh
Sif Muna
Vehumet
Yredelemnul
The Shining One

Shops:
D:4 !((   D:8 }   D:9 (*   D:10 !?   Orc:1 *   Orc:4 =*[(   Snake:1 ?
Snake:2 **

Portals:
Trove: D:11 (give +5 fire dragon armour)

Annotations:
D:6 Menkaure
D:11 +5 FDA trove
Lair:7 Rupert
Lair:8 Guenter's ghost, powerful DsGl
Snake:1 exclusion: Roxanne, Roxanne

Inventory:

Hand weapons
 b - a +0 blowgun
 c - the +8 rapier "Lyanioth" (weapon) {drain, +Blink}
   (You found it on level 11 of the Dungeon)

   A truly terrible weapon, it drains the life of those it strikes.
   It lets you blink.
Missiles
 e - 97 poisoned needles
 f - a curare-tipped needle
 M - a throwing net (quivered)
 W - 12 needles of paralysis
Armour
 d - a cursed +1 cloak (worn)
 O - a +0 buckler
 Q - a cursed +2 hat of see invisible (worn)
   (You took it off Gastronok on level 2 of the Lair of Beasts)
 V - the cursed +5 robe of Paaf (worn) {rN+ Slay+5}
   (You found it in a labyrinth)

   It affects your accuracy and damage with ranged weapons and melee attacks
   (+5).
   It protects you from negative energy.
   It has a curse placed upon it.
Rods
 U - a -1 rod of destruction (10/10) {!a}
   (You found it in a labyrinth)
Jewellery
 p - a cursed +5 ring of protection (left hand)
 y - a cursed ring of stealth (right hand)
 P - an uncursed ring of protection from fire
 Z - an uncursed ring of protection from cold
Magical devices
 a - a wand of disintegration (5)
 i - a wand of cold (0)
 r - a wand of invisibility (4)
 x - a wand of digging (8)
 B - a wand of paralysis (6)
 K - a wand of hasting (6) {@v3}
 R - a wand of disintegration (12)
 X - a wand of cold (8)
Scrolls
 l - 5 scrolls of blinking
 m - 2 scrolls of fog
 o - 4 scrolls of fear
 s - 11 scrolls of magic mapping
 t - a scroll of torment {unknown}
 u - 4 scrolls of immolation {!r}
 A - 11 scrolls of remove curse {@r2}
 G - 2 scrolls of summoning
 H - 3 scrolls of teleportation {@r4}
 I - 3 scrolls of enchant armour
 T - a scroll of brand weapon {unknown}
Potions
 h - 6 potions of curing {@q1}
 j - 3 potions of flight
 q - 5 potions of agility
 v - 3 potions of magic
 w - 3 potions of cancellation
 C - 3 potions of might
 D - 9 potions of haste {@q3}
 E - 6 potions of heal wounds {@q2}
 F - 7 potions of brilliance
 L - 2 potions of ambrosia
 S - 6 potions of resistance
 Y - a potion of invisibility
Miscellaneous
 g - a sack of spiders
 n - an ornate deck of escape {drawn: 1}
 z - a phial of floods
 N - a sack of spiders {used: 1}
Comestibles
 k - 6 bread rations

♣...≈≈≈≈≈≈≈.♣.≈.≈..≈.≈≈≈.≈...../.
♣♣..≈≈≈§.≈≈.♣..≈≈...≈≈≈≈≈≈≈..≈≈..
.≈≈≈≈≈≈≈...♣♣..≈≈≈..≈≈≈≈≈≈≈.♣♣≈.≈
.≈≈.≈≈≈≈≈.≈...≈.≈≈≈.≈≈≈≈≈≈≈.≈...≈
{..≈.≈≈≈≈≈..≈.≈≈≈.≈.≈≈≈≈≈≈≈.♣...≈
♣..≈♣..≈≈≈≈.≈.♣♣....≈≈≈≈.≈≈≈♣♣≈.§
♣..≈♣♣..≈≈≈≈≈≈..≈≈≈≈≈≈≈........♣.
* ≈ * ..≈≈≈≈≈.y≈≈≈≈≈≈.≈♣....§.♣♣
** ≈§...≈..t@≈≈≈≈≈.♣♣♣♣♣.≈≈.♣
**** ≈ ≈≈..≈≈.♣♣♣≈≈≈.≈♣♣ ♣.≈≈.♣ ,
,≈ ≈ ≈≈≈≈≈≈≈≈♣♣♣.≈≈≈.♣ ♣...≈≈
,>≈≈ ≈≈≈≈≈≈≈≈≈.♣..≈≈≈♣♣♣♣§..≈≈
,,≈ ≈≈≈≈≈≈≈≈≈♣♣..≈≈.≈≈≈≈♣♣.≈≈ **,
≈≈ ≈§≈≈≈≈≈≈≈.♣♣≈^..≈≈≈≈♣♣.≈≈ ,
≈≈≈ #...#≈≈≈≈..♣.≈≈≈.≈≈.≈♣♣..
,,≈≈ #.#P#≈≈≈≈♣...♣♣♣≈♣≈.♣♣♣♣ *
,≈ ,* ,##.≈≈≈≈♣..≈≈♣♣..≈♣♣ ♣.


You could see an alligator and a hornet.


Message History

Moving in this stuff is going to be slow.
You enter the shallow water.
Moving in this stuff is going to be slow.
You enter the shallow water.
Moving in this stuff is going to be slow.
You enter the shallow water.
Moving in this stuff is going to be slow.
A bog body comes into view.
A bog body is nearby!
You puncture the bog body! You puncture the bog body!
The bog body closely misses you. The bog body closely misses you.
The swamp drake roars!
You puncture the bog body! You puncture the bog body!
You destroy the bog body!
An alligator comes into view.
The alligator moves out of view.
The swamp drake breathes noxious fumes at you.
A hornet comes into view.
The swamp drake completely misses you.
The hornet buzzes angrily.
You puncture the swamp drake!
The alligator puts on a burst of speed!
The swamp drake completely misses you.
You barely miss the swamp drake. The swamp drake completely misses you.
You impale the swamp drake!!
You kill the swamp drake!
The hornet completely misses you.
You barely miss the hornet. You barely miss the hornet. The hornet stings you.
You are poisoned.
You feel yourself slow down.
Unknown command.
You completely miss the hornet.
You feel sick. The hornet completely misses you.
You hit the hornet but do no damage.
You feel sick. The hornet completely misses you.
You barely miss the hornet.
You feel sick. The hornet completely misses you.
The hornet completely misses you. The alligator misses you.
The alligator completely misses you.
You hit the hornet.
You feel sick. The hornet stings you.
You are more poisoned.
You feel as though you will be slow longer.
The alligator bites you. The alligator closely misses you.
You closely miss the hornet.
You feel sick. The hornet stings you!
You are more poisoned.
You suddenly lose the ability to move!
You feel very sick. The alligator bites you.
The alligator tail-slaps you but does no damage.
The hornet stings you but does no damage.
The alligator bites you!! The alligator tail-slaps you.
* * * LOW HITPOINT WARNING * * *
You feel sick. The hornet stings you!
* * * LOW HITPOINT WARNING * * *
You are lethally poisoned!
You feel as though you will be slow longer.
The alligator bites you.
* * * LOW HITPOINT WARNING * * *
The alligator tail-slaps you!
* * * LOW HITPOINT WARNING * * *
The hornet stings you!
* * * LOW HITPOINT WARNING * * *
You are more poisoned.
You shrug off the repeated paralysis!
* * * LOW HITPOINT WARNING * * *
You feel very sick. The hornet stings you!
You die...

Action                   |  1- 3 |  4- 6 |  7- 9 | 10-12 | 13-15 | 16-18 || total
-------------------------+-------+-------+-------+-------+-------+-------++-------
Melee: Dagger            |    30 |    40 |    43 |   280 |   201 |       ||   594
       Short sword       |    18 |    45 |   241 |   289 |   190 |       ||   783
       Rapier            |       |       |       |       |  1220 |  1628 ||  2848
 Fire: Blowgun           |    23 |    22 |    40 |    52 |   139 |       ||   276
Throw: Throwing net      |       |       |       |     1 |       |     1 ||     2
 Cast: Ensorcelled Hiber |       |       |       |    87 |   213 |    13 ||   313
       Repel Missiles    |       |       |       |       |     1 |     9 ||    10
       Mass Confusion    |       |       |       |       |       |    10 ||    10
 Abil: Evoke Blink       |       |       |       |       |     1 |     2 ||     3
Evoke: Wand              |       |       |     8 |    13 |    32 |    16 ||    69
       Rod               |       |       |       |     7 |     4 |       ||    11
       Deck              |       |       |       |       |     1 |       ||     1
       Sack of spiders   |       |       |       |       |     1 |       ||     1
  Use: Scroll            |     2 |     7 |       |    18 |     9 |    16 ||    52
       Potion            |     2 |       |     1 |     1 |     5 |     8 ||    17
 Stab: Sleeping          |     9 |    23 |    26 |   110 |   236 |    88 ||   492
       Distracted        |     1 |       |     5 |     8 |    20 |    32 ||    66
       Confused          |       |       |       |     2 |     3 |     8 ||    13
       Invisible         |       |       |       |    11 |       |       ||    11
       Paralysed         |       |       |       |     2 |     2 |       ||     4
  Eat: Pizza             |       |       |     1 |       |       |     2 ||     3
       Bread ration      |       |       |     1 |     3 |     5 |     4 ||    13
       Fruit             |       |       |       |       |    10 |     1 ||    11
       Royal jelly       |       |       |       |       |     1 |       ||     1

Vault maps used:
D:1:      roderic_chinese_lattice_arrival, serial_glass, glass_columns_a,
          glass_columns_a, due_unseen_surprise, item_on_display_a,
          feat_on_display, evilmike_ruin_ashenzari
D:2:      supply_closet_lemuel
D:3:      wad_woods_tower, st_stairs_7, uniq_iyjb
D:4:      serial_shops, kennysheep_mini, shop_fountains,
          nicolae_shop_waterfront, first_bread, minmay_misc_feat_rows
D:5:      minmay_temple_entry_junction2, hangedman_decor_growths,
          nicolae_gozag_cash_rules_everything_around_me
D:6:      fedhas_altar_3, uniq_edmund, uniq_menkaure, uniq_sigmund
D:7:      kennysheep_mini_moat, grunt_dithmenos_shadows
D:8:      slow_altar_1, nemelex_deck, gammafunk_temple_overflow_elements,
          serial_shops, shop, uniq_psyche, uniq_prince_ribbit1, uniq_joseph
D:9:      serial_shops, shop, nicolae_shop_trees, uniq_grum
D:10:     hangedman_cross_cluster, serial_shops, nicolae_shop_trees,
          shop_fountains, uniq_erolcha
D:11:     orc_0_dummy, nicolae_trove_entry_crossroad, uniq_maurice
D:13:     grunt_vaults_entry_tiered, serial_undead, serial_undead_d,
          serial_undead_b, serial_undead_b, serial_undead_a, serial_undead_d,
          serial_undead_d, uniq_frances
D:14:     minmay_hedge_maze, the_bakery, einodemon_crawler_minivault
D:15:     grunt_enter_depths_magical_seal, hangedman_abyss_or_decor_passed,
          spider_trap, uniq_urug, uniq_azrael
Lair:1:   lab_entry_generic, minivault_27
Lair:2:   uniq_erica, uniq_gastronok, uniq_fannar, uniq_harold
Lair:3:   lemuel_fruit_tree
Lair:4:   swamp_mist_pool, guppyfry_snake_entry_island, wad_woods_04,
          lemuel_fruit_fields
Lair:6:   nicolae_slime_entry_slimehenge, st_stairs_6, wad_woods_road_05,
          uniq_nessos
Lair:7:   gammafunk_lair_bear_cave, fungi_pond_lemuel, serial_bayou_shore_a,
          uniq_rupert
Lair:8:   grunt_lair_end_beastmaster
Swamp:1:  nicolae_swamp_dense_foliage, infiniplex_staircase_pool, uniq_donald
Swamp:2:  portal_ice_cave_entry_pillars_02, nicolae_swamp_little_tower,
          swamp_pool1, ldierk_geyser, uniq_nikola
Snake:1:  dpeg_oklob_gauntlet, serial_shops, shop_statue,
          hangedman_feature_mirror, st_stairs_14, uniq_roxanne
Snake:2:  serial_shops, shop, shop, nicolae_snake_linked_coils,
          guppyfry_snake_island, uniq_aizul, uniq_jorgrun, uniq_louise
Snake:3:  nicolae_aizul_guard
Snake:4:  snake_pit, basic_altar
Orc:1:    nicolae_alphabet_shops, uniq_nergalle
Orc:2:    enter_volcano_2
Orc:3:    nicolae_orc_pool_cavern
Orc:4:    st_orc_congregation, elf_legates
IceCv:    ice_cave_tombish
Volcano:  volcano_lake

Notes
Turn   | Place    | Note
--------------------------------------------------------------
     0 | D:1      | Sixotanaka the Spriggan Assassin began the quest for the Orb.
     0 | D:1      | Reached XP level 1. HP: 10/10 MP: 2/2
    36 | D:1      | Reached skill level 6 in Stealth
   183 | D:1      | Found a shattered altar of Ashenzari.
   190 | D:1      | Became a worshipper of Ashenzari the Shackled
   503 | D:1      | Reached XP level 2. HP: 9/14 MP: 3/3
  1081 | D:2      | Reached skill level 7 in Stealth
  1159 | D:2      | Reached XP level 3. HP: 18/18 MP: 4/4
  1632 | D:2      | Reached skill level 8 in Stealth
  1909 | D:2      | Reached XP level 4. HP: 22/22 MP: 5/5
  1935 | D:2      | Acquired Ashenzari's first power
  2142 | D:3      | Noticed an ogre
  2186 | D:3      | Killed an ogre
  2186 | D:3      | Reached skill level 9 in Stealth
  2186 | D:3      | Reached XP level 5. HP: 25/25 MP: 6/6
  2256 | D:3      | Reached skill level 10 in Stealth
  2330 | D:3      | Noticed an ogre
  2333 | D:3      | Killed an ogre
  2334 | D:3      | Reached skill level 11 in Stealth
  2334 | D:3      | Reached XP level 6. HP: 30/30 MP: 7/7
  2392 | D:3      | Noticed Ijyb
  2404 | D:3      | Killed Ijyb
  3355 | D:4      | Found Nofucs's Weapon Emporium.
  3421 | D:4      | Reached skill level 12 in Stealth
  3434 | D:4      | Noticed Bregath's ghost (average HOFi)
  3459 | D:4      | Found Gilo's Weapon Boutique.
  3476 | D:4      | Reached skill level 3 in Short Blades
  3482 | D:4      | Found Muideon's Distillery.
  3554 | D:4      | Reached XP level 7. HP: 33/33 MP: 8/8
  3668 | D:4      | Reached skill level 4 in Short Blades
  3788 | D:4      | Identified the ring "Tial" {rF- rC+ rN+ Slay+2}
  3841 | D:4      | Acquired Ashenzari's second power
  3912 | D:4      | Killed Bregath's ghost
  3912 | D:4      | Reached skill level 6 in Short Blades
  4134 | D:5      | Entered Level 5 of the Dungeon
  4155 | D:5      | Found a staircase to the Ecumenical Temple.
  4342 | D:5      | Reached skill level 7 in Short Blades
  4342 | D:5      | Reached XP level 8. HP: 37/37 MP: 9/9
  4579 | D:5      | Found an opulent altar of Gozag.
  4924 | D:5      | Reached skill level 8 in Short Blades
  5055 | D:6      | Found a blossoming altar of Fedhas.
  5194 | D:6      | Noticed Edmund
  5224 | D:6      | Killed Edmund
  5224 | D:6      | Reached skill level 9 in Short Blades
  5471 | D:6      | Noticed Menkaure
  5658 | D:6      | Noticed Sigmund
  5663 | D:6      | Killed Sigmund
  5844 | D:7      | Reached skill level 10 in Short Blades
  6068 | D:7      | Reached skill level 1 in Evocations
  6091 | D:7      | Reached skill level 2 in Dodging
  6091 | D:7      | Reached skill level 2 in Evocations
  6091 | D:7      | Reached XP level 9. HP: 38/41 MP: 9/11
  6349 | D:6      | Reached skill level 3 in Evocations
  6380 | D:7      | Reached skill level 3 in Dodging
  6420 | D:7      | Reached skill level 4 in Evocations
  6575 | D:7      | Reached skill level 4 in Dodging
  6592 | D:7      | Reached skill level 5 in Evocations
  6744 | D:7      | Found a shadowy altar of Dithmenos.
  6747 | D:7      | Reached skill level 6 in Evocations
  6861 | D:7      | Found a radiant altar of Vehumet.
  6892 | D:8      | Found Xoyczon's Gadget Shoppe.
  6947 | D:8      | Noticed Psyche
  6973 | D:8      | Killed Psyche
  6973 | D:8      | Reached skill level 5 in Dodging
  6973 | D:8      | Reached skill level 7 in Evocations
  7061 | D:8      | Noticed Prince Ribbit
  7068 | D:8      | Killed Prince Ribbit
  7068 | D:8      | Reached skill level 6 in Dodging
  7108 | D:8      | Found a snail-covered altar of Cheibriados.
  7243 | D:8      | Found a sparkling altar of Nemelex Xobeh.
  7317 | D:8      | Reached skill level 13 in Stealth
  7355 | D:8      | Noticed Joseph
  7361 | D:8      | Killed Joseph
  7361 | D:8      | Reached XP level 10. HP: 46/46 MP: 16/16
  7547 | D:8      | Found a deep blue altar of Sif Muna.
  7547 | D:8      | Found a white marble altar of Elyvilon.
  7685 | D:9      | Found Tukh's Weapon Shoppe.
  7911 | D:9      | Noticed Grum
  7934 | D:9      | Reached skill level 14 in Stealth
  8036 | D:9      | Killed Grum
  8132 | D:9      | Found Joakh's General Store.
  8141 | D:9      | Bought a scroll of teleportation for 45 gold pieces
  8626 | D:9      | Reached skill level 15 in Stealth
  8779 | D:9      | Reached skill level 16 in Stealth
  8835 | D:10     | Entered Level 10 of the Dungeon
  8841 | D:10     | Reached skill level 8 in Evocations
  8933 | D:10     | Found a glowing golden altar of the Shining One.
  8934 | D:10     | Identified the amulet of Doett {Inacc MR++}
  9044 | D:10     | Noticed a centaur warrior
  9150 | D:10     | Acquired Ashenzari's third power
  9230 | D:10     | Noticed Erolcha
  9249 | D:10     | Found Besu's Distillery.
  9255 | D:10     | Bought a potion of invisibility for 88 gold pieces
  9327 | D:10     | Reached skill level 3 in Throwing
  9327 | D:10     | Reached skill level 17 in Stealth
  9491 | D:10     | Noticed an unseen horror
  9509 | D:10     | Killed an unseen horror
  9553 | D:10     | Reached XP level 11. HP: 49/49 MP: 18/18
  9623 | D:10     | Reached skill level 18 in Stealth
  9638 | D:10     | Noticed a griffon
  9647 | D:10     | Found a staircase to the Lair.
  9647 | D:10     | Noticed a hill giant
  9674 | D:10     | Found Cemauz's Magic Scroll Boutique.
  9682 | D:10     | Bought a scroll of identify for 26 gold pieces
  9699 | Lair:1   | Entered Level 1 of the Lair of Beasts
  9778 | Lair:1   | Found a labyrinth entrance.
  9789 | Lab      | Entered a labyrinth
 10287 | Lab      | Noticed a minotaur
 10297 | Lab      | Killed a minotaur
 10297 | Lab      | Reached skill level 19 in Stealth
 10300 | Lab      | Identified the +5 robe of Paaf {rN+ Slay+5} (You found it in a labyrinth)
 10314 | Lab      | Got the uncursed robe of the Lizard {MR+}
 11007 | Lair:1   | Acquired Ashenzari's fourth power
 11533 | Lair:2   | Noticed Erica
 11542 | Lair:2   | Killed Erica
 11542 | Lair:2   | Reached skill level 7 in Dodging
 11549 | Lair:2   | Noticed Harold
 11559 | Lair:2   | Killed Harold
 11559 | Lair:2   | Reached skill level 20 in Stealth
 11574 | Lair:2   | Identified the Reference Book on Enchantment (You found it on level 2 of the Lair of Beasts)
 11583 | Lair:2   | Learned a level 2 spell: Ensorcelled Hibernation
 11600 | Lair:2   | Noticed a four-headed hydra
 11606 | Lair:2   | Killed a four-headed hydra
 11606 | Lair:2   | Reached skill level 1 in Hexes
 11758 | Lair:2   | Reached skill level 2 in Hexes
 11760 | Lair:2   | Noticed Fannar
 11767 | Lair:2   | Killed Fannar
 11815 | Lair:2   | Reached skill level 3 in Hexes
 12014 | Lair:2   | Identified a -1 rod of destruction (10/10) {!a} (You found it in a labyrinth)
 12099 | Lair:2   | Noticed Gastronok
 12105 | Lair:2   | Killed Gastronok
 12105 | Lair:2   | Reached skill level 21 in Stealth
 12105 | Lair:2   | Reached skill level 4 in Hexes
 12105 | Lair:2   | Reached XP level 12. HP: 53/53 MP: 17/19
 12807 | Lair:3   | Noticed a six-headed hydra
 12812 | Lair:3   | Killed a six-headed hydra
 12812 | Lair:3   | Reached skill level 5 in Hexes
 12846 | Lair:3   | Noticed a six-headed hydra
 12853 | Lair:3   | Killed a six-headed hydra
 12879 | Lair:3   | Reached skill level 8 in Dodging
 13129 | Lair:3   | Reached skill level 22 in Stealth
 13355 | Lair:3   | Reached skill level 2 in Fighting
 13423 | Lair:3   | Acquired Ashenzari's fifth power
 14161 | Lair:4   | Found a staircase to the Snake Pit.
 14166 | Lair:4   | Noticed a four-headed hydra
 14178 | Lair:4   | Killed a four-headed hydra
 14178 | Lair:4   | Reached skill level 3 in Fighting
 14392 | Lair:4   | Found a staircase to the Swamp.
 14738 | Lair:4   | Reached skill level 23 in Stealth
 15621 | Lair:5   | Reached skill level 4 in Fighting
 16165 | Lair:5   | Reached XP level 13. HP: 61/61 MP: 2/20
 16583 | Lair:6   | Noticed Nessos
 16591 | Lair:6   | Killed Nessos
 16608 | Lair:6   | Found a staircase to the Slime Pits.
 17083 | Lair:6   | Reached skill level 24 in Stealth
 17681 | Lair:7   | Reached skill level 5 in Fighting
 18195 | Lair:7   | Reached skill level 6 in Hexes
 18264 | Lair:7   | Reached skill level 6 in Fighting
 19000 | Lair:7   | Reached skill level 7 in Hexes
 19137 | Lair:7   | Noticed Rupert
 19286 | Lair:7   | Reached skill level 8 in Hexes
 19634 | Lair:7   | Paralysed by Rupert for 3 turns
 19670 | Lair:8   | Entered Level 8 of the Lair of Beasts
 19789 | Lair:8   | Reached skill level 9 in Hexes
 20078 | Lair:8   | Noticed Guenter's ghost (powerful DsGl)
 20172 | Lair:8   | Reached skill level 7 in Fighting
 20277 | Lair:8   | HP: 11/67 [fire crab (15)]
 20627 | Lair:8   | Reached skill level 1 in Spellcasting
 20690 | Lair:8   | Reached XP level 14. HP: 72/72 MP: 16/21
 20847 | Lair:8   | Reached skill level 2 in Spellcasting
 21242 | Lair:8   | Reached skill level 3 in Spellcasting
 21342 | Lair:8   | HP: 18/72 [catoblepas (22)]
 22145 | Lair:8   | Reached skill level 8 in Fighting
 22462 | Lair:8   | Noticed a dire elephant
 22466 | Lair:8   | Identified the cursed +1 leather armour of the Fifty Blessings {-Cast rElec Dex+4}
 22782 | Lair:8   | Killed a dire elephant
 23397 | D:10     | Killed a hill giant
 23444 | D:10     | Killed a centaur warrior
 23669 | D:9      | Reached skill level 9 in Fighting
 23781 | D:11     | Noticed Maurice
 23789 | D:11     | Killed Maurice
 23887 | D:11     | Found a staircase to the Orcish Mines.
 23902 | D:11     | Got the rapier "Lyanioth" {drain, +Blink}
 23903 | D:11     | Identified the +8 rapier "Lyanioth" {drain, +Blink} (You found it on level 11 of the Dungeon)
 23907 | D:11     | Found a portal to a secret trove of treasure.
 24771 | D:11     | Reached skill level 11 in Short Blades
 25105 | Orc:1    | Entered Level 1 of the Orcish Mines
 25105 | Orc:1    | Noticed Nergalle
 25301 | Orc:1    | Killed Nergalle
 25380 | Orc:1    | Noticed dontdoit's ghost (experienced OgGl)
 25397 | Orc:1    | Killed dontdoit's ghost
 25542 | Orc:1    | Found Roofaopn's Retail Resort.
 25542 | Orc:1    | Noticed an orc warlord
 26495 | Orc:2    | Found a dark tunnel.
 26552 | Volcano  | Entered a volcano
 26826 | Volcano  | Found a bloodstained altar of Trog.
 26832 | Volcano  | Reached skill level 12 in Short Blades
 27241 | Orc:3    | Found a staircase to the Elven Halls.
 28003 | Orc:4    | Entered Level 4 of the Orcish Mines
 28517 | Orc:4    | Noticed an orc warlord
 28538 | Orc:4    | Killed an orc warlord
 28538 | Orc:4    | Reached skill level 13 in Short Blades
 29548 | Orc:4    | Reached XP level 15. HP: 65/79 MP: 22/22
 29607 | Orc:4    | Noticed an orc warlord
 29813 | Orc:4    | HP: 19/79 [sixfirhy[an orc high priest] (9)]
 30111 | Orc:4    | Reached skill level 14 in Short Blades
 30328 | Orc:4    | Killed an orc warlord
 30490 | Orc:4    | Found Disor's General Store.
 30491 | Orc:4    | Found Veviewn's Jewellery Emporium.
 30492 | Orc:4    | Found Denew's Antique Armour Shoppe.
 30492 | Orc:4    | Found Waef's Antique Weapon Shoppe.
 30506 | Orc:4    | Bought a scroll of identify for 22 gold pieces
 30506 | Orc:4    | Bought a scroll of acquirement for 572 gold pieces
 30507 | Orc:4    | Bought a +5 ring of protection for 605 gold pieces
 30891 | Orc:1    | Bought a potion of resistance for 120 gold pieces
 30891 | Orc:1    | Bought an uncursed amulet of resist mutation for 480 gold pieces
 30891 | Orc:1    | Bought a potion of resistance for 120 gold pieces
 30891 | Orc:1    | Bought a royal jelly for 24 gold pieces
 31221 | D:12     | Learned a level 2 spell: Repel Missiles
 31224 | D:12     | Learned a level 2 spell: Blink
 31867 | D:13     | Reached skill level 15 in Short Blades
 32557 | D:13     | Found a gate to the Vaults.
 32750 | D:13     | Noticed Frances
 32882 | D:13     | HP: 15/79 [ghoul (27)]
 32882 | D:13     | HP: 3/79 [ghoul (12)]
 32899 | D:13     | Reached skill level 16 in Short Blades
 33223 | D:13     | Killed Frances
 33223 | D:13     | Reached skill level 1 in Charms
 33303 | D:14     | Reached skill level 2 in Charms
 33516 | D:14     | Reached skill level 3 in Charms
 33561 | D:14     | Identified the +4 scale mail of Cheibriados's Hope {Int+3}
 33843 | D:14     | Learned a level 5 spell: Silence
 34097 | D:14     | Reached skill level 10 in Hexes
 34468 | D:14     | Learned a level 6 spell: Mass Confusion
 34788 | D:15     | Entered Level 15 of the Dungeon
 35238 | D:15     | Reached skill level 11 in Hexes
 35542 | D:15     | Found a staircase to the Depths.
 35564 | D:15     | Reached XP level 16. HP: 82/84 MP: 23/23
 35672 | D:15     | Reached skill level 12 in Hexes
 35905 | D:15     | Noticed Azrael
 35913 | D:15     | Killed Azrael
 36000 | D:15     | Noticed Urug
 36011 | D:15     | Killed Urug
 36718 | D:11     | Killed an orc warlord
 36718 | D:11     | Reached skill level 13 in Hexes
 36771 | D:10     | Killed Erolcha
 36810 | D:10     | Killed a griffon
 36834 | D:10     | Noticed a griffon
 36836 | D:10     | Killed a griffon
 37160 | D:4      | Bought a potion of beneficial mutation for 420 gold pieces
 37162 | D:4      | Gained mutation: You are resistant to hostile enchantments. [potion of beneficial mutation]
 37434 | Snake:1  | Entered Level 1 of the Snake Pit
 37779 | Snake:1  | Reached skill level 1 in Air Magic
 38063 | Snake:1  | Noticed Roxanne
 38328 | Snake:1  | Found a white marble altar of Elyvilon.
 38374 | Snake:1  | Found Qofiyvul's Magic Scroll Shoppe.
 38382 | Snake:1  | Bought a scroll of identify for 38 gold pieces
 38382 | Snake:1  | Bought a scroll of identify for 38 gold pieces
 38382 | Snake:1  | Bought a scroll of identify for 38 gold pieces
 38393 | Snake:1  | Found a basalt altar of Yredelemnul.
 38405 | Snake:1  | Reached skill level 2 in Air Magic
 38876 | Snake:1  | Reached skill level 10 in Fighting
 39285 | Snake:2  | Noticed Louise
 39483 | Snake:2  | Killed Louise
 39483 | Snake:2  | Reached skill level 3 in Air Magic
 39567 | Snake:2  | Noticed Aizul
 39591 | Snake:2  | Killed Aizul
 39676 | Snake:2  | Found Goolem's General Store.
 39693 | Snake:2  | Bought a potion of invisibility for 144 gold pieces
 39756 | Snake:2  | Reached skill level 4 in Air Magic
 39965 | Snake:2  | Noticed Jorgrun
 39967 | Snake:2  | Killed Jorgrun
 39971 | Snake:2  | Reached skill level 11 in Fighting
 40135 | Snake:2  | Found Asofa's Assorted Antiques.
 40690 | Snake:3  | Reached skill level 5 in Air Magic
 41347 | Snake:3  | Reached XP level 17. HP: 91/91 MP: 24/24
 42064 | Snake:3  | HP: 19/93 [naga warrior/short sword (9)]
 42070 | Snake:3  | HP: 22/93 [poisoned by a naga warrior (splash of poison)]
 42077 | Snake:3  | HP: 21/93 [poisoned by a naga warrior (splash of poison)]
 42082 | Snake:3  | HP: 21/93 [poisoned by a naga warrior (splash of poison)]
 42089 | Snake:3  | HP: 21/93 [poisoned by a naga warrior (splash of poison)]
 42096 | Snake:3  | HP: 21/93 [poisoned by a naga warrior (splash of poison)]
 42439 | Snake:2  | Reached skill level 12 in Fighting
 42549 | Snake:3  | Reached skill level 6 in Air Magic
 44494 | Snake:4  | Entered Level 4 of the Snake Pit
 44607 | Snake:4  | Found a basalt altar of Yredelemnul.
 44625 | Snake:4  | Learned a level 3 spell: Mephitic Cloud
 44696 | Snake:4  | Reached skill level 9 in Dodging
 44987 | Snake:4  | Reached skill level 13 in Fighting
 45012 | Snake:4  | HP: 23/95 [poisoned by a naga ritualist (toxic radiance)]
 45017 | Snake:4  | HP: 21/95 [poisoned by a naga ritualist (toxic radiance)]
 45023 | Snake:4  | HP: 18/95 [poisoned by a naga ritualist (toxic radiance)]
 45029 | Snake:4  | HP: 16/95 [poisoned by a naga ritualist (toxic radiance)]
 45035 | Snake:4  | HP: 16/95 [poisoned by a naga ritualist (toxic radiance)]
 45043 | Snake:4  | HP: 16/95 [poisoned by a naga ritualist (toxic radiance)]
 45930 | Snake:4  | Reached skill level 10 in Dodging
 46229 | Snake:4  | HP: 20/96 [naga mage/bolt of poison (15)]
 46234 | Snake:4  | HP: 17/96 [poisoned by a naga mage (bolt of poison)]
 46240 | Snake:4  | HP: 16/96 [poisoned by a naga mage (bolt of poison)]
 46248 | Snake:4  | HP: 15/96 [poisoned by a naga mage (bolt of poison)]
 46256 | Snake:4  | HP: 15/96 [poisoned by a naga mage (bolt of poison)]
 46852 | Snake:4  | Reached XP level 18. HP: 82/101 MP: 25/25
 46902 | Snake:4  | Reached skill level 11 in Dodging
 47148 | Snake:4  | Reached skill level 14 in Fighting
 47286 | Snake:4  | Got a serpentine rune of Zot
 47579 | Swamp:1  | Entered Level 1 of the Swamp
 47691 | Swamp:1  | Noticed Donald
 47693 | Swamp:1  | Killed Donald
 47817 | Swamp:1  | Noticed kazza789's ghost (powerful DsFi)
 47871 | Swamp:1  | Killed kazza789's ghost
 48227 | Swamp:1  | Reached skill level 12 in Dodging
 48982 | Swamp:2  | Found a frozen archway.
 48992 | IceCv    | Entered an ice cave
 49060 | IceCv    | Reached skill level 1 in Shields
 49118 | IceCv    | HP: 18/102 [ettin simulacrum (29)]
 49736 | IceCv    | Reached skill level 2 in Shields
 50383 | IceCv    | Reached skill level 13 in Dodging
 50430 | Swamp:2  | Upgraded the game from 0.17-a0-1634-g6672d08 to 0.17-a0-1635-gd4e48f1
 50972 | Swamp:2  | Paralysed by a hornet for 3 turns
 50974 | Swamp:2  | HP: 22/102 [alligator (7)]
 50974 | Swamp:2  | HP: 10/102 [hornet (12)]
 50975 | Swamp:2  | Slain by a hornet

Vanquished Creatures
  Jorgrun (Snake:2)
  Gastronok (Lair:2)
  Frances (D:13)
  12 greater nagas
  Donald (Swamp:1)
  Aizul (Snake:2)
  Louise (Snake:2)
  3 orc warlords
  A ghoul (D:13)
  Nessos (Lair:6)
  A dire elephant (Lair:8)
  Azrael (D:15)
  The ghost of kazza789 the Impaler, a powerful DsFi of Qazlal (Swamp:1)
  A minotaur (Lab)
  2 vault guards (D:13)
  2 blizzard demons (IceCv)
  Fannar (Lair:2)
  Harold (Lair:2)
  Erolcha (D:10)
  23 naga warriors
  Erica (Lair:2)
  2 centaur warriors
  A catoblepas (Lair:8)
  10 hydras
  11 anacondas
  2 alligators
  4 death yaks (Lair:8)
  The ghost of dontdoit the Bludgeoner, an experienced OgGl of Okawaru (Orc:1)
  An ogre mage (D:15)
  A deep troll shaman (Lair:8)
  A tengu warrior (D:14)
  Urug (D:15)
  4 orc high priests (Orc:4)
  10 naga sharpshooters
  4 shock serpents
  Nergalle (Orc:1)
  7 ice devils (IceCv)
  2 skeletal warriors (D:13)
  2 unseen horrors
  A salamander mystic (Snake:3)
  2 fire crabs (Lair:8)
  3 wizards
  3 ice statues (IceCv)
  10 naga ritualists
  7 orc sorcerers
  6 orc knights
  9 mana vipers
  11 ugly things
  2 deep elf conjurers (D:15)
  A necromancer (D:13)
  3 wolf spider zombies (D:13)
  A cyclops (D:15)
  3 hill giants
  A manticore (D:13)
  30 naga magi
  A smoke demon (Volcano)
  7 griffons
  A toenail golem (Volcano)
  11 salamanders
  Maurice (D:11)
  A black mamba (shapeshifter) (D:14)
  Joseph (D:8)
  16 spiny frogs
  5 elephants
  44 black mambas
  Psyche (D:8)
  8 guardian serpents
  A kobold demonologist (D:12)
  2 molten gargoyles (Volcano)
  2 gargoyles
  An efreet (D:15)
  A golden dragon simulacrum (IceCv)
  4 komodo dragons
  6 fire drakes
  2 anaconda simulacra (IceCv)
  A redback zombie (D:13)
  2 demonic crawlers (D:14)
  A freezing wraith (D:14)
  3 deep elf priests (Orc:4)
  6 giant leeches
  A tengu conjurer (D:14)
  The ghost of Bregath the Shield-Bearer, an average HOFi (D:4)
  A red devil (Volcano)
  7 trolls
  4 polar bears
  19 blink frogs
  Prince Ribbit (D:8)
  3 blue devils (IceCv)
  3 bog bodies
  17 slime creatures
  2 shadows
  A wraith (D:15)
  5 two-headed ogres
  2 boulder beetles (D:14)
  Sigmund (D:6)
  19 humans (D:13)
  4 spriggans
  5 wyverns
  2 hungry ghosts
  A deep elf fighter (Orc:4)
  A deep elf mage (D:13)
  A fire elemental (D:15)
  A vampire (D:13)
  Grum (D:9)
  3 basilisks
  11 hippogriffs
  A vampire mosquito (D:14)
  39 yaks
  8 swamp worms
  52 nagas
  2 harpy simulacra (IceCv)
  An iron troll simulacrum (IceCv)
  5 insubstantial wisps (Swamp:2)
  4 wargs
  Edmund (D:6)
  11 porcupines
  3 soldier ants
  4 hell hounds (D:15)
  13 water moccasins
  22 wolves
  2 hydra simulacra (IceCv)
  A black bear (Lair:7)
  3 swamp drakes
  An eye of draining (D:13)
  2 ettin simulacra (IceCv)
  An ice beast (D:13)
  16 ogres
  40 orc warriors
  3 wasps
  5 sky beasts
  5 phantoms
  11 centaurs
  13 crocodiles
  A brain worm (D:12)
  A gnoll sergeant (D:7)
  A wyvern zombie (D:10)
  6 big kobolds
  20 giant frogs
  6 scorpions
  8 killer bees
  16 wights
  6 electric eels
  A lava snake (Volcano)
  9 crimson imps
  4 jellies
  A quasit (D:11)
  4 hounds
  9 centaur zombies
  2 giant frog skeletons (D:5)
  41 orc priests
  Ijyb (D:3)
  4 giant frog zombies
  5 centaur skeletons
  5 iguanas
  32 orc wizards
  5 worker ants
  23 sheep
  2 hound zombies
  3 hound skeletons
  A mummy (D:13)
  12 adders
  11 gnolls
  2 shadow imps
  71 river rats
  2 oozes (Lair:6)
  5 worms
  8 giant geckos
  175 orcs
  8 giant cockroaches
  6 goblins
  7 hobgoblins
  7 jackals
  2 quokkas
  6 bats
  7 giant newts
  A jackal skeleton (D:4)
  11 kobolds
  8 rats
  A fungus (Lair:8)
  3 plants
1301 creatures vanquished.

Vanquished Creatures (others)
  A naga ritualist (Snake:4)
  An orc (Orc:1)
  A bush (Lair:8)
  89 fungi
  35 plants
127 creatures vanquished.

Grand Total: 1428 creatures vanquished
